 Dungeon Crawl Stone Soup version 0.30.1 (webtiles) character file.

Game seed: 5415051432469295557

914 Dordric the Carver (level 8, 0/56 HPs)
             Began as a Djinni Fighter on July 5, 2023.
             Slain by an ice beast (4 damage)
             ... on level 5 of the Dungeon.
             The game lasted 00:05:29 (4827 turns).

Dordric the Carver (Djinni Fighter)                 Turns: 4827, Time: 00:05:30

Health: 0/56       AC:  9    Str: 15    XL:     8   Next: 30%
Gold:   173        EV:  6    Int: 11    God:
                   SH:  5    Dex: 14

rFire   + + .        v - +2 dagger (venom)
rCold   x . .        c - +0 buckler
rNeg    . . .        k - +0 chain mail
rPois   ∞            (no helmet)
rElec   .            (no cloak)
rCorr   .            (no gloves)
SInv    +            (boots unavailable)
Will    .....        (no amulet) Stlth
                     t - +4 ring of slaying
HPRegen 0.29/turn    q - ring of see invisible
MPRegen 0.00/turn

%: infuse magic (-1 HP)
@: flying
A: sickness immunity, fire resistance 2, cold vulnerability 1, float, innate
caster, HP casting, extra vitality 1
a: no special abilities


You were on level 5 of the Dungeon.
You visited 1 branch of the dungeon, and saw 5 of its levels.

You collected 173 gold pieces.

Inventory:

Hand Weapons
 a - a +0 long sword
 v - a +2 dagger of venom (weapon)
Missiles
 y - a throwing net (quivered)
Armour
 b - a +0 scale mail
 c - a +0 buckler (worn)
 k - a +0 chain mail (worn)
Jewellery
 q - a ring of see invisible (right hand)
 s - a ring of willpower
 t - a +4 ring of slaying (left hand)
Wands
 o - a wand of roots (18)
Scrolls
 f - 2 scrolls of amnesia {unknown}
 g - 2 scrolls of teleportation {unknown}
 j - a scroll of blinking {unknown}
 n - 7 scrolls of identify {unknown}
 p - a scroll of summoning {unknown}
 r - a scroll of fear {unknown}
 x - a scroll of magic mapping {unknown}
 B - a scroll of torment {unknown}
Potions
 d - 7 potions of might
 e - 2 potions of heal wounds {unknown}
 h - a potion of mutation {unknown}
 i - 4 potions of cancellation {unknown}
 l - 2 potions of lignification {unknown}
 m - a potion of haste {unknown}
 u - 2 potions of curing
 w - a potion of invisibility {unknown}
 z - a potion of brilliance {unknown}
 A - a potion of flight {unknown}


   Skills:
 - Level 3.0 Fighting
 + Level 8.4 Long Blades
 - Level 3.0 Armour
 - Level 3.0 Shields


You knew the following spells:

 Your Spells              Type           Power      Damage    Failure   Level
a - Beastly Appendage     Tmut           0%         N/A       100%        1
b - Searing Ray           Conj           0%         2d4       100%        2
c - Static Discharge      Conj/Air       0%         2-2/arc   100%        2
Your spell library was empty.


Dungeon Overview and Level Annotations

Branches:
Dungeon (5/15)
 Temple: D:4-7

Altars:
Fedhas
Uskayaw
Xom

Annotations:
D:5 4 runed translucent doors, Crazy Yiuf; Fodor's ghost, amateur MiFi


Innate Abilities, Weirdness & Mutations

You are immune to sickness and miasma.
You are immune to poison.
Your flesh is very heat resistant. (rF++)
You are vulnerable to cold. (rC-)
You float through the air rather than walking.
You learn spells naturally, not from books.
Your magical power is your life essence.
You have superior vitality. (+4 MHP)


Message History

No target in view!
No target in view!
Found a stone staircase leading up.
An ice beast comes into view.
An ice beast is nearby!
An ice beast is nearby!
The ice beast hits you but does no damage.
You hit the ice beast but do no damage.
The ice beast hits you but does no damage.
You hit the ice beast but do no damage.
The ice beast is poisoned.
The ice beast hits you. The ice beast freezes you!!
You feel a terrible chill!
You barely miss the ice beast. The ice beast hits you.
The ice beast freezes you!
You feel a terrible chill!
You are too injured to fight recklessly!
You are too injured to fight recklessly!
You are too injured to fight recklessly!
You are too injured to fight recklessly!
You are too injured to fight recklessly!
You are too injured to fight recklessly!
You are too injured to fight recklessly!
You are too injured to fight recklessly!
You are too injured to fight recklessly!
You are too injured to fight recklessly!
You are too injured to fight recklessly!
You are too injured to fight recklessly!
You are too injured to fight recklessly!
You are too injured to fight recklessly!
You hit the ice beast.
The ice beast is lightly wounded.
You hit the ice beast but do no damage.
The ice beast is lightly wounded.
The ice beast hits you.
* * * LOW HITPOINT WARNING * * *
The ice beast freezes you!
You feel a terrible chill!
* * * LOW HITPOINT WARNING * * *
You hit the ice beast.
The ice beast looks as sick as possible!
The ice beast is heavily wounded.
The ice beast hits you.
You die...

#...........# ###.........
#(...#.####.# #.........
##.......##.### #.........
#....#.#......####.........
.......####.....##.........
.......# ##.##.##......<.
.......# #..#.##########
..(....# ##.....# .......#
###.@.# .......# ##Y..#
.......# ##...# .......#
.#.# .......# .....
.......# #..... ########
...... ......


You could see an ice beast (extremely poisoned).

Vanquished Creatures
  A water moccasin (D:3)
  An ice beast (D:4)
  An ogre (D:4)
  A scorpion (D:5)
  2 hounds (D:5)
  A jelly (D:5)
  2 gnoll boudas (D:4)
  3 orc priests
  2 iguanas (D:5)
  13 gnolls
  5 adders
  2 white imps
  A worm (D:4)
  2 dart slugs
  12 orcs
  6 endoplasms
  4 giant cockroaches
  4 hobgoblins
  3 jackals (D:4)
  11 kobolds
  5 quokkas
  6 ball pythons
  4 bats
  3 frilled lizards
  5 goblins
  3 rats
103 creatures vanquished.

Notes
Turn   | Place    | Note
-------+----------+-------------------------------------------
     0 | D:1      | Dordric the Djinni Fighter began the quest for the Orb.
     0 | D:1      | Reached XP level 1. HP: 20/20 MP: 0/0
    65 | D:1      | Reached skill level 2 in Long Blades
    84 | D:1      | Reached XP level 2. HP: 16/25 MP: 0/0
   851 | D:2      | Reached skill level 3 in Long Blades
   851 | D:2      | Reached XP level 3. HP: 27/30 MP: 0/0
   851 | D:2      | Learned a level 1 spell: Beastly Appendage
  1440 | D:3      | Reached XP level 4. HP: 33/35 MP: 0/0
  1568 | D:3      | Reached skill level 4 in Long Blades
  1653 | D:3      | Reached XP level 5. HP: 24/40 MP: 0/0
  1653 | D:3      | Learned a level 2 spell: Searing Ray
  2103 | D:3      | Noticed a water moccasin
  2113 | D:3      | Killed a water moccasin
  2114 | D:3      | Reached skill level 5 in Long Blades
  2114 | D:3      | Reached XP level 6. HP: 25/46 MP: 0/0
  2280 | D:3      | Reached skill level 6 in Long Blades
  3205 | D:4      | Noticed an ogre
  3220 | D:4      | HP: 2/46 [ogre/+0 giant spiked club (23)]
  3247 | D:4      | Killed an ogre
  3248 | D:4      | Reached XP level 7. HP: 10/50 MP: 0/0
  3248 | D:4      | Learned a level 2 spell: Static Discharge
  3531 | D:4      | Found a hide-covered altar of Uskayaw.
  3574 | D:5      | Entered Level 5 of the Dungeon
  3778 | D:4      | Reached skill level 7 in Long Blades
  4297 | D:5      | Reached XP level 8. HP: 53/56 MP: 0/0
  4325 | D:5      | Found a blossoming altar of Fedhas.
  4438 | D:5      | Reached skill level 8 in Long Blades
  4605 | D:5      | Found a runed translucent door.
  4606 | D:5      | Noticed Crazy Yiuf
  4664 | D:5      | Noticed Fodor's ghost (amateur MiFi)
  4665 | D:5      | Found a runed translucent gate.
  4666 | D:5      | Found a runed translucent gate.
  4667 | D:5      | Found a runed translucent gate.
  4772 | D:5      | Found a shimmering altar of Xom.
  4827 | D:5      | Slain by an ice beast

Illustrated notes

Levels and vault maps discovered:
D:1:      dpeg_arrival_line_fractal, layout_loops_ring, grunt_decor_cap,
          minmay_hexomino_f4
D:2:      layout_basic, nicolae_titane
D:3:      kb_forest_paths, layout_basic
D:4:      layout_basic, lemuel_coloured_pillars_altar
D:5:      layout_rooms, mainiacjoe_overflow_catch_the_wave,
          ebering_ghost_rock_garden, uniq_crazy_yiuf_cottage

Skill      XL: |  1  2  3  4  5  6  7  8 |
---------------+-------------------------+-----
Long Blades    | 2 3 4 5 6 7 8 |  8.4
Fighting       | |  3.0
Armour         | |  3.0
Shields        | |  3.0

Action                     |  1- 3 |  4- 6 |  7- 9 || total
---------------------------+-------+-------+-------++-------
  Melee: Long sword        |    75 |   116 |       ||   191
         Dagger            |       |    26 |   126 ||   152
 Armour: Scale mail        |     3 |       |       ||     3
         Chain mail        |    35 |    86 |    54 ||   175
  Dodge: Dodged            |    26 |    44 |    28 ||    98
  Block: Buckler           |    17 |    30 |    28 ||    75
